 Dungeon Crawl Stone Soup version 0.29.1-14-g9c671dbff4 (webtiles) character file.

Game seed: 5023463215320609970

408 Thatpatchoflichen the Ducker (level 6, -14/49 HPs)
             Began as a Demonspawn Gladiator on Feb 17, 2023.
             Demolished by an ogre
             ... wielding a +0 giant club
              (26 damage)
             ... on level 4 of the Dungeon.
             The game lasted 00:07:40 (4796 turns).

Thatpatchoflichen the Ducker (Demonspawn Gladiator) Turns: 4796, Time: 00:07:40

Health: -14/49     AC:  9    Str: 16    XL:     6   Next: 57%
Magic:  6/6        EV:  8    Int:  9    God:
Gold:   198        SH:  0    Dex: 15    Spells: 5/5 levels left

rFire   . . .      SeeInvis .   a - +0 flail
rCold   . . .      Faith    .   (no shield)
rNeg    . . .      Spirit   .   h - +0 chain mail
rPois   .          Reflect  .   p - +0 hat
rElec   .          Harm     .   (no cloak)
rCorr   .          Rampage  .   y - +0 pair of gloves
Will    .....                   (no boots)
Stlth   ..........              (no amulet)
HPRegen 0.16/turn               (no ring)
MPRegen 0.10/turn               (no ring)

@: no status effects
A: horns 1, spiny 2
a: no special abilities


You were on level 4 of the Dungeon.
You visited 1 branch of the dungeon, and saw 4 of its levels.

You collected 198 gold pieces.

Inventory:

Hand Weapons
 a - a +0 flail (weapon)
Missiles
 d - 3 throwing nets (quivered)
 e - a javelin
Armour
 h - a +0 chain mail (worn)
 p - a +0 hat (worn)
 y - a +0 pair of gloves (worn)
Jewellery
 b - a ring of ice
 v - a ring of fire
Wands
 w - a wand of iceblast (12)
 x - a wand of paralysis (7)
Scrolls
 f - 2 scrolls of enchant weapon {unknown}
 i - a scroll of identify {unknown}
 j - a scroll of amnesia {unknown}
 k - a scroll of poison {unknown}
 m - a scroll of silence {unknown}
 o - 3 scrolls of teleportation {unknown}
 q - a scroll of fog {unknown}
 s - a scroll of magic mapping {unknown}
 z - a scroll of vulnerability {unknown}
Potions
 c - a potion of haste {unknown}
 g - a potion of heal wounds {unknown}
 l - a potion of invisibility {unknown}
 n - a potion of experience {unknown}
 r - 5 potions of curing
 t - a potion of mutation {unknown}
 u - a potion of might {unknown}
 A - 2 potions of degeneration {unknown}


   Skills:
 + Level 4.3 Fighting
 + Level 4.3 Maces & Flails
 - Level 1.7 Throwing
 + Level 1.3 Armour
 + Level 4.3 Dodging


You had 5 spell levels left.
You didn't know any spells.
Your spell library contained the following spells:

 Spells                   Type           Power      Damage    Failure   Level
 Conjure Flame            Conj/Fire      0%         6-21      100%        3
 Ignite Poison            Fire/Tmut/Pois 0%         N/A       100%        3
 Sticky Flame             Conj/Fire      0%         2d3       100%        4


Dungeon Overview and Level Annotations

Branches:
Dungeon (4/15)
 Temple: D:4-7

Altars:
Xom

Shops:
D:1 [([*


Innate Abilities, Weirdness & Mutations

You have a pair of small horns on your head.
You are mostly covered in sharp spines.


Message History

The orc is almost dead.
The ball python is struck by your spines.
You kill the ball python!
The orc hits you but does no damage.
You sock the orc!
You kill the orc!
Things that are here:
a +0 hand axe; a +0 leather armour An orc comes into view.
It is wielding a +0 trident.
The orc shouts!
The orc closely misses you.
Found 4 stones.
The orc is struck by your spines. The orc hits you with a +0 trident!
You barely miss the orc.
The orc is almost dead.
The orc closely misses you. The orc is struck by your spines.
You kill the orc!
Things that are here:
a +0 trident; an orc corpse As you open the door, it creaks loudly!
You hear a shout!
There is an open door here.
The ogre shouts!
The ogre hits you with a +0 giant club!!
Ouch! That really hurt!
You hit the ogre.
The ogre is lightly wounded.
The ogre closely misses you.
You barely miss the ogre.
The ogre is lightly wounded.
The ogre hits you with a +0 giant club.
You hit the ogre. You headbutt the ogre.
The ogre is lightly wounded.
The ogre hits you with a +0 giant club!
* * * LOW HITPOINT WARNING * * *
You hit the ogre but do no damage. Your headbutt misses the ogre.
The ogre is lightly wounded.
It was a potion of curing.
You feel better.
The ogre hits you with a +0 giant club!!
Ouch! That really hurt!
You die...

.....#. #............. #..
.....#. #............. #.. ....##
#............. #.. ....#
#............. ##. ....#
#.....#####... ## ....#
##+####.....#...' . ....#
#..........[#...# #####
#..........<#...#
#......@O...#...#
#...........#...#
#...........#...#
##########...........#.†.# ##
.......#.########'####..†#######.
.......#.......................#.
.......#.......^...............#.
.......#.......................#.
.......#........)..............#.


You could see an ogre.

Vanquished Creatures
  A phantom (D:4)
  2 scorpions (D:4)
  A gnoll bouda (D:4)
  An orc wizard (D:3)
  3 gnolls (D:4)
  6 adders
  A worm (D:3)
  2 dart slugs (D:2)
  10 orcs
  3 endoplasms
  A giant cockroach (D:4)
  8 goblins
  5 hobgoblins
  3 jackals (D:4)
  3 quokkas
  7 ball pythons
  5 bats
  2 frilled lizards (D:1)
  6 kobolds
  3 rats (D:1)
73 creatures vanquished.

Notes
Turn   | Place    | Note
-------+----------+-------------------------------------------
     0 | D:1      | Thatpatchoflichen the Demonspawn Gladiator began the quest
                  | for the Orb.
     0 | D:1      | Reached XP level 1. HP: 16/16 MP: 1/1
   510 | D:1      | Gained mutation: You have a pair of small horns on your
                  | head. [demonic ancestry]
   510 | D:1      | Reached XP level 2. HP: 5/22 MP: 2/2
   779 | D:1      | Found Uroikh's Antique Armour Shop.
  1213 | D:1      | Found Dugaram's General Store.
  1317 | D:1      | Found Jerah's Weapon Boutique.
  1533 | D:1      | Found a faded altar of an unknown god.
  1590 | D:1      | Found Inocrao's Antique Armour Shop.
  1850 | D:1      | Reached XP level 3. HP: 5/28 MP: 3/3
  2920 | D:2      | Gained mutation: You are partially covered in sharp spines.
                  | [demonic ancestry]
  2920 | D:2      | Reached XP level 4. HP: 34/34 MP: 4/4
  3366 | D:4      | Noticed a phantom
  3384 | D:4      | Killed a phantom
  3385 | D:4      | Gained mutation: You are mostly covered in sharp spines.
                  | [demonic ancestry]
  3385 | D:4      | Reached XP level 5. HP: 30/41 MP: 5/5
  3773 | D:4      | Noticed an ogre
  3982 | D:4      | Reached XP level 6. HP: 22/48 MP: 6/6
  4298 | D:4      | Reached skill level 1 in Armour
  4456 | D:4      | Found a shimmering altar of Xom.
  4456 | D:4      | Found a shimmering altar of Xom.
  4458 | D:4      | Found a shimmering altar of Xom.
  4458 | D:4      | Found a shimmering altar of Xom.
  4458 | D:4      | Found a shimmering altar of Xom.
  4796 | D:4      | Demolished by an ogre

Illustrated notes

Levels and vault maps discovered:
D:1:      dpeg_arrival_arbitrary_a, layout_basic,
          hellmonk_ecumenical_altar_blasted, serial_shops,
          nicolae_shop_behind_doors, shop, shop, shop, st_stairs_4
D:2:      layout_basic, nicolae_kite_square_tiling_tiny, minmay_pentomino_pile
D:3:      layout_rooms, hangedman_decor_growths
D:4:      layout_gridville, xom_redecorated, minmay_temple_entry_from_below_a

Skill      XL: |  1  2  3  4  5  6 |
---------------+-------------------+-----
Maces & Flails | 3 4 |  4.3
Dodging        | 3 4 |  4.3
Fighting       | 3 4 |  4.3
Armour         | 1 |  1.3
Throwing       | |  1.7

Action                   |  1- 3 |  4- 6 || total
-------------------------+-------+-------++-------
Melee: Flail             |    94 |    79 ||   173
       Headbutt          |     8 |    20 ||    28
       Punch             |       |     1 ||     1
  Use: Potion            |       |     1 ||     1
Armor: Ring mail         |    60 |       ||    60
       Leather armour    |     2 |       ||     2
       Chain mail        |    58 |    40 ||    98
Dodge: Dodged            |   111 |    41 ||   152
